 Dungeon Crawl Stone Soup version 0.31-a0-1309-gbf3fed316f (webtiles) character file.

Game seed: 12294143307046714800

290273 James the Imperceptible (level 20, -5/105 HPs)
             Began as a Spriggan Enchanter on Dec 20, 2023.
             Was the Champion of Dithmenos.
             Slain by an angel
             ... wielding a +3 sacred scourge of holy wrath
              (27 damage)
             ... on level 4 of the Shoals on Dec 21, 2023.
             The game lasted 03:47:02 (49820 turns).

James the Imperceptible (Spriggan Enchanter)       Turns: 49820, Time: 03:47:02

Health: -5/105     AC:  8    Str:  4    XL:     20   Next: 28%
Magic:  37/39      EV: 35    Int: 22    God:    Dithmenos [******]
Gold:   2828       SH: 10    Dex: 23    Spells: 30/47 levels left

rFire   + . .        b - +4 rapier (elec)
rCold   + + +        p - +3 buckler {rC+}
rNeg    + + .        n - +0 robe {rC+ rF+}
rPois   +            O - +0 hat
rElec   .            m - +1 cloak {rPois}
rCorr   .            (gloves unavailable)
SInv    +            (boots unavailable)
Will    +++..        T - amulet "Hilegg" {rF+ rC+ rN+ Regen+}
Stlth   +++++++++    A - ring of the Iron Devil {+Blink Fly rF- rN+ Int+4}
HPRegen 1.17/turn    Z - +4 ring of protection
MPRegen 0.26/turn

%: no passive effects
@: confusing by touch, flying, very quick
A: very small, no large weapons, unfitting armour, see invisible, speed 3
}: 1/15 runes: serpentine
a: Renounce Religion, Evoke Blink, Shadow Step, Shadow Form


You were on level 4 of the Shoals.
You worshipped Dithmenos.
Dithmenos was exalted by your worship.
You visited 5 branches of the dungeon, and saw 30 of its levels.
You also visited: Ice Cave and Volcano.

You collected 4467 gold pieces.
You spent 1639 gold pieces at shops.

Inventory:

Hand Weapons
 a - a +2 dagger of venom
   (You took it off a goblin on level 4 of the Dungeon)
 b - a +4 rapier of electrocution (weapon)
   (You took it off a merfolk aquamancer on level 3 of the Shoals)
 k - the +10 shortbow of the Stopping Dove {flame, rCorr Stlth+}
   (You took it off a merfolk siren on level 4 of the Shoals)

   rCorr:     It protects you from acid and corrosion.
   Stlth+:    It makes you more stealthy.
 r - a +2 trident of venom
   (You took it off an orc on level 2 of the Orcish Mines)
 t - the +8 falchion of Misery {elec, Str+4}
   (You took it off a naga warrior on level 3 of the Snake Pit)

   Str+4:     It affects your strength (+4).
 G - a +2 sling of freezing
   (You found it in an ice cave)
 W - a +0 heavy rapier
   (You found it on level 12 of the Dungeon)
Missiles
 w - 30 boomerangs
 P - 2 throwing nets {!f}
 S - 38 poisoned darts (quivered)
Armour
 m - a +1 cloak of poison resistance (worn)
   (You found it on level 13 of the Dungeon)
 n - a +0 robe of resistance (worn)
   (You found it in an ice cave)
 p - a +3 buckler of cold resistance (worn)
   (You found it in an ice cave)
 x - a scarf of repulsion
   (You found it on level 14 of the Dungeon)
 J - a scarf of invisibility
   (You found it on level 12 of the Dungeon)
 K - the +0 robe "Ufetumai" {*Corrode +Blink rElec}
   (You found it on level 3 of the Dungeon)

   rElec:     It insulates you from electricity.
   +Blink:    It lets you blink.
   *Corrode:  It may corrode you when you take damage.
 O - a +0 hat (worn)
   (You took it off Gastronok on level 12 of the Dungeon)
 Q - a +2 robe of willpower
   (You took it off an ogre mage on level 12 of the Dungeon)
 X - +0 acid dragon scales
   (You took it off Maggie on level 8 of the Dungeon)
Jewellery
 A - the ring of the Iron Devil (left hand) {+Blink Fly rF- rN+ Int+4}
   (You found it on level 12 of the Dungeon)

   [ring of positive energy]

   Int+4:     It affects your intelligence (+4).
   rF-:       It makes you vulnerable to fire.
   rN+:       It protects you from negative energy.
   Fly:       It grants you flight.
   +Blink:    It lets you blink.
 B - a +6 ring of intelligence
   (You found it on level 2 of the Dungeon)
 F - a ring of fire
   (You found it on level 4 of the Dungeon)
 T - the amulet "Hilegg" (around neck) {rF+ rC+ rN+ Regen+}
   (You found it on level 10 of the Dungeon)

   [amulet of regeneration]

   rF+:       It protects you from fire.
   rC+:       It protects you from cold.
   rN+:       It protects you from negative energy.
   Regen+:    It increases your rate of health regeneration.
 Z - a +4 ring of protection (right hand)
   (You found it on level 12 of the Dungeon)
Wands
 d - a wand of iceblast (38)
   (You found it on level 8 of the Dungeon)
 i - a wand of mindburst (5)
   (You found it on level 9 of the Dungeon)
 u - a wand of paralysis (24)
   (You found it on level 9 of the Dungeon)
 M - a wand of polymorph (7)
   (You found it on level 9 of the Dungeon)
Scrolls
 f - 7 scrolls of fear
 g - a scroll of enchant armour
 h - 19 scrolls of teleportation {@r4}
 l - 2 scrolls of vulnerability {!r}
 o - a scroll of acquirement
 C - 2 scrolls of blinking
 H - 4 scrolls of fog
 I - 4 scrolls of revelation
 R - 3 scrolls of brand weapon
 Y - 3 scrolls of summoning
Potions
 c - 7 potions of invisibility
 j - 6 potions of brilliance
 q - a potion of magic
 s - 12 potions of curing {@q1}
 v - 9 potions of lignification {!q}
 y - 6 potions of might
 z - 3 potions of cancellation
 D - 3 potions of enlightenment
 E - 4 potions of ambrosia
 L - 5 potions of heal wounds {@q2}
 N - 9 potions of mutation {!q}
 U - a potion of resistance
 V - 6 potions of haste {@q3}
Miscellaneous
 e - a lightning rod (4/4) {!a}
   (You found it on level 10 of the Dungeon)


   Skills:
 - Level 11.0 Fighting
 - Level 16.0 Short Blades
 - Level 18.0 Dodging
 - Level 24.0 Stealth
 - Level 8.0 Shields
 - Level 14.0 Spellcasting
 + Level 17.3 Hexes
 - Level 3.0 Translocations
 - Level 10.0 Evocations


You had 30 spell levels left.
You knew the following spells:

 Your Spells              Type           Power      Damage    Failure   Level
a - Confusing Touch       Hex            75%        N/A       0%          3
b - Dazzling Flash        Conj/Hex       100%       N/A       1%          3
c - Blink                 Tloc           56%        N/A       2%          2
d - Tukima's Dance        Hex            75%        N/A       0%          3
f - Cause Fear            Hex            37%        N/A       1%          4
x - Ensorcelled Hibernat  Hex/Ice        100%       N/A       1%          2

Your spell library contained the following spells:

 Spells                   Type           Power      Damage    Failure   Level
 Slow                     Hex            100%       N/A       0%          1
 Jinxbite                 Hex            100%       N/A       0%          2
 Sigil of Binding         Hex            75%        N/A       0%          3
 Apportation              Tloc           56%        N/A       1%          1
 Inner Flame              Hex/Fire       52%        N/A       1%          3
 Summon Guardian Golem    Hex/Summ       52%        N/A       1%          3
 Dimensional Bullseye     Hex/Tloc       28%        N/A       1%          4
 Lesser Beckoning         Tloc           56%        N/A       2%          2
 Silence                  Hex/Air        26%        N/A       4%          5
 Momentum Strike          Conj/Tloc      44%        3d9       5%          2
 Necrotise                Necr           60%        1d7       6%          1
 Sandblast                Erth           30%        2d9       6%          1
 Summon Small Mammal      Summ           60%        N/A       6%          1
 Passwall                 Tmut/Erth      12%        N/A       10%         2
 Wereblood                Tmut           15%        N/A       10%         2
 Call Canine Familiar     Summ           15%        N/A       19%         3
 Ignite Poison            Fire/Tmut/Pois 15%        N/A       19%         3
 Stone Arrow              Conj/Erth      30%        3d8       19%         3
 Vampiric Draining        Necr           15%        2d7       19%         3
 Iskenderun's Mystic Bla  Conj/Tloc      22%        2d6       34%         4
 Brom's Barrelling Bould  Conj/Erth      15%        2d4       54%         4
 Flame Wave               Conj/Fire      15%        2d7       54%         4
 Sticky Flame             Conj/Fire      15%        2d4       54%         4
 Agony                    Necr           15%        N/A       87%         5
 Alistair's Intoxication  Tmut/Pois      10%        N/A       87%         5
 Fireball                 Conj/Fire      7%         3d5       87%         5
 Irradiate                Conj/Tmut      7%         3d14      87%         5
 Ozocubu's Refrigeration  Ice            7%         4d9       100%        7
 Ignition                 Fire           7%         3d5       100%        8
 Dragon's Call            Summ           7%         N/A       100%        9


Dungeon Overview and Level Annotations

Branches:
Dungeon (15/15)            Temple (0/1) D:7            Lair (5/5) D:10
 Shoals (4/4) Lair:2        Snake (4/4) Lair:2        Slime (0/5) Lair:4
    Orc (2/2) D:12            Elf (0/3) Orc:2        Vaults (0/5) D:14
 Depths (0/4) D:15          IceCv (visited)         Volcano (visited)

Altars:
Dithmenos
Elyvilon
Fedhas
Gozag
Kikubaaqudgha
Makhleb
Nemelex Xobeh
Okawaru
Qazlal
Ru
Sif Muna
Trog
Vehumet
Wu Jian
Xom
Yredelemnul
Zin
The Shining One
Jiyva

Shops:
D:6 (   D:13 :   Orc:2 ?!!(   Snake:2 :   Snake:3 [

Annotations:
Lair:5 exclusion: obsidian statue


Innate Abilities, Weirdness & Mutations

You are very small and have problems with some larger weapons.
You are too small for most types of armour.
You have supernaturally acute eyesight. (SInv)
You cover ground extremely quickly. (Speed+++)


Message History

Found a jewelled battleaxe and a barnacled rune of Zot.
The merfolk aquamancer shouts!
The merfolk siren shouts!
The angel shouts!
You hear a shout! x2
The merfolk siren misses you.
The angel moves out of view.
The merfolk siren chants a haunting song.
You resist with almost no effort.
The merfolk siren chants a haunting song.
You resist with almost no effort.
You hear a shout!
There is an open door here.
The merfolk siren chants a haunting song.
You resist with almost no effort.
You start waiting.
An angel is nearby!
Press: ? - help, Shift-Dir - straight line, f - angel
Aim: an angel, wielding a +3 sacred scourge of holy wrath and wearing a +0 robe (chance to affect: 3%)
Okay, then.
Unknown command.
Unknown command.
Your hands begin to glow red.
The angel closely misses you. You block the angel's attack.
The angel hits you with a +3 sacred scourge of holy wrath!!
You emit a cloud of dark smoke.
The angel hits you but does no damage.
Press: ? - help, v - describe, . - travel
Here: an angel, wielding a +3 sacred scourge of holy wrath and wearing a +0 robe (black smoke, chance to confuse on hit: 7%)
The floor.
Unknown command.
You hit the angel but do no damage. The angel barely misses you.
The angel closely misses you.
You hit the angel but do no damage.
Your shadow barely misses the angel.
The angel hits you with a +3 sacred scourge of holy wrath!
The angel misses you.
You hit the angel but do no damage.
Your shadow hits the angel but does no damage.
You hit the angel but do no damage. The angel misses you.
You block the angel's attack.
You closely miss the angel. Your shadow misses the angel.
The angel hits you with a +3 sacred scourge of holy wrath!
The angel completely misses you.
You hit the angel but do no damage.
Your shadow hits the angel with a rapier.
The angel completely misses you.
The angel hits you with a +3 sacred scourge of holy wrath!
You hit the angel but do no damage.
The angel hits you with a +3 sacred scourge of holy wrath!!
* * * LOW HITPOINT WARNING * * *
The angel completely misses you. The angel attacks as it pursues you!
The angel hits you with a +3 sacred scourge of holy wrath!!
You die...

#...### ..#..###P.~≈≈≈~..##
#.m##_##..#.P..#P~.≈≈≈~.##.
#.A8...8..#....#.~≈≈≈~.~#.. ≈~
#.......##......~≈≈≈~.....
≈≈~~#.m.....#.)....~~≈≈≈~~P...
≈≈≈≈≈~##.....##....P..~≈≈≈~.....
≈≈≈≈≈≈.~###.###§§§.P.#.~≈≈≈......
≈≈≈≈≈≈~~.~#§#§§§§.§..#.~≈≈≈~~.#.)
≈≈≈≈≈≈~~~..§§§§A@P...##.~≈≈≈~.#..
≈≈≈≈≈≈≈~~.~§§§§§P...<.#..≈≈≈~~#.<
≈≈≈≈≈≈≈~~~P.§§§.§....##..≈≈≈..##.
≈≈≈≈≈≈≈~~......§§P.###..~≈≈≈~..##
≈≈≈≈≈≈≈~..........##...##~≈~##.~~
≈≈≈≈≈≈≈≈.~~..........~~##~~~##~~.
≈≈≈≈≈≈≈≈.~~.P.....~~~~~~~...)~~≈.
≈≈≈≈≈≈≈≈~~..~....~~~≈≈~~..<..~≈≈≈
≈≈≈≈≈≈≈≈~~~~P...~P≈≈≈≈~.....~.~≈≈


You could see an angel.

Vanquished Creatures
  Vashnia (Snake:4)
  Jorgrun (D:12)
  A quicksilver dragon (Snake:3)
  A kraken (Shoals:2)
  Gastronok (D:12)
  Kirke (D:12)
  Agnes (D:15)
  Aizul (Snake:4)
  A fire giant (D:15)
  5 nagarajas
  2 orc warlords
  A reaper (IceCv)
  A formless jellyfish (Shoals:4)
  A dire elephant (Lair:5)
  The ghost of skfef the Protected, a journeyman MiFi of Okawaru (D:12)
  A fire dragon (Volcano)
  6 merfolk javelineers (Shoals:4)
  Snorg (D:14)
  Josephine (D:14)
  8 merfolk impalers
  3 vault guards (D:14)
  3 alligator snapping turtles
  11 centaur warriors
  A salamander tyrant (Snake:4)
  11 anacondas
  6 hydras
  5 merfolk aquamancers
  An ogre mage (D:12)
  A boulder beetle (D:12)
  An ice dragon (Lair:5)
  A satyr (Shoals:1)
  2 tengu warriors (D:8)
  2 merfolk avatars
  12 two-headed ogres
  A deep troll earth mage (D:12)
  13 naga warriors
  Urug (D:13)
  18 naga sharpshooters
  6 orc high priests
  5 death yaks
  7 shock serpents
  5 sun demons
  9 skysharks
  2 spectral death yaks (Lair:5)
  Amaemon (Lair:2)
  7 salamander mystics
  2 sun moths (Shoals:2)
  A spectral anaconda (Lair:5)
  3 cherubim
  12 sea snakes
  A phantasmal warrior (D:12)
  3 naga ritualists
  11 orc knights
  An oklob plant (Orc:1)
  21 harpies
  6 necromancers
  A deep elf pyromancer (D:8)
  8 fauns
  12 ugly things
  2 orc sorcerers
  14 manticores
  4 mana vipers
  14 salamanders
  11 cyclopes
  26 elephants
  10 merfolk sirens
  Maurice (D:12)
  2 centaur zombies (D:10)
  Joseph (D:7)
  A black mamba (shapeshifter) (D:14)
  26 black mambas
  13 cane toads
  The ghost of dertzug the Chopper, a novice HOMo of Ashenzari (D:5)
  19 naga magi
  An ice statue (IceCv)
  5 guardian serpents
  A torpor snail (Lair:5)
  2 gargoyles
  6 water nymphs
  A cane toad (shapeshifter) (D:9)
  An orange demon (Lair:2)
  Maggie (D:8)
  4 rime drakes
  An unseen horror (D:12)
  A dancing weapon (D:4)
  10 komodo dragons
  An unseen horror (shapeshifter) (D:9)
  A rime drake (shapeshifter) (D:10)
  An anaconda simulacrum (IceCv)
  A freezing wraith (IceCv)
  Psyche (D:8)
  6 trolls
  7 burning bushes
  A tengu conjurer (D:15)
  5 wind drakes
  2 hornets (D:9)
  3 polar bears
  Grinder (D:5)
  21 blink frogs
  21 merfolk
  11 dream sheep
  A spectral elephant (Lair:5)
  12 snapping turtles
  10 slime creatures
  A jumping spider (shapeshifter) (D:15)
  A vampire (D:9)
  3 dire elephant simulacra
  8 water elementals
  39 yaks
  19 humans (D:14)
  11 wyverns
  6 fire bats (Volcano)
  9 wraiths
  7 basilisks
  6 vampire mosquitoes
  Grum (D:8)
  An unseen horror simulacrum (D:10)
  3 steam dragons
  6 death yak simulacra
  A warg (Orc:1)
  Menkaure (D:4)
  A spectral cane toad (Lair:5)
  49 nagas
  An acid dragon (D:11)
  Duvessa (D:4)
  A hydra simulacrum (IceCv)
  15 water moccasins
  2 elephant zombies (Lair:5)
  5 sky beasts
  36 orc warriors
  2 black bears (shapeshifter)
  5 black bears
  8 ogres
  21 wolves
  12 centaurs
  2 elephant skeletons (Lair:5)
  A phantom (D:7)
  4 kobold brigands
  25 bullfrogs
  3 two-headed ogre simulacra (IceCv)
  2 gnoll sergeants
  2 scorpions
  2 cane toad simulacra
  21 wights
  3 elephant simulacra (IceCv)
  Dowan (D:4)
  5 killer bees
  10 howler monkeys
  5 electric eels
  4 crimson imps (D:9)
  4 hounds
  A gnoll bouda (D:9)
  41 orc priests
  3 iguanas (D:4)
  16 orc wizards
  4 sleepcaps
  Natasha (thrice) (D:2)
  A polar bear simulacrum (IceCv)
  2 hell rats (D:10)
  4 spriggan simulacra (IceCv)
  3 troll simulacra (IceCv)
  2 wolf simulacra (IceCv)
  A killer bee zombie (D:9)
  Robin (D:2)
  14 gnolls
  9 naga simulacra (IceCv)
  8 adders
  A river rat (D:10)
  2 shadow imps (D:8)
  10 white imps
  6 ufetubi (IceCv)
  4 worms
  3 dart slugs
  74 orcs
  6 endoplasms
  4 giant cockroaches
  11 goblins
  9 hobgoblins
  4 jackals (D:5)
  2 quokkas
  4 ball pythons
  7 bats
  5 frilled lizards
  19 kobolds
  3 rats
1202 creatures vanquished.

Vanquished Creatures (others)
  A dancing weapon (Snake:4)
1 creature vanquished.

Grand Total: 1203 creatures vanquished

Notes
Turn   | Place    | Note
-------+----------+-------------------------------------------
     0 | D:1      | James the Spriggan Enchanter began the quest for the Orb.
     0 | D:1      | Reached XP level 1. HP: 9/9 MP: 5/5
   503 | D:1      | Reached XP level 2. HP: 13/13 MP: 6/6
   510 | D:1      | Learned a level 2 spell: Ensorcelled Hibernation
   817 | D:2      | Noticed Natasha
   822 | D:2      | Killed Natasha
   823 | D:2      | Reached skill level 5 in Stealth
   823 | D:2      | Reached XP level 3. HP: 16/16 MP: 2/8
   879 | D:2      | Learned a level 3 spell: Confusing Touch
  1015 | D:2      | Noticed Robin
  1041 | D:2      | Killed Robin
  1042 | D:2      | Reached XP level 4. HP: 20/21 MP: 6/9
  1295 | D:2      | Found a radiant altar of Vehumet.
  1351 | D:2      | Noticed Natasha
  1356 | D:2      | Killed Natasha
  1357 | D:2      | Reached skill level 6 in Stealth
  1496 | D:2      | Found the +8 whip "Snakebite" {venom, curare, rPois}
  1544 | D:2      | Found a faded altar of an unknown god.
  1802 | D:2      | Noticed Natasha
  1808 | D:2      | Killed Natasha
  1809 | D:2      | Reached XP level 5. HP: 24/24 MP: 7/10
  1972 | D:3      | Found a burning altar of Makhleb.
  2021 | D:3      | You fall into a shaft and drop 3 floors!
  2059 | D:5      | Entered Level 5 of the Dungeon
  2070 | D:5      | Found a runed translucent gate.
  2070 | D:5      | Found a runed translucent gate.
  2070 | D:5      | Found a runed translucent gate.
  2147 | D:5      | Noticed an ogre
  2151 | D:5      | Found an opulent altar of Gozag.
  2152 | D:5      | Noticed dertzug's ghost (novice HOMo)
  2192 | D:5      | Found a sparkling altar of Nemelex Xobeh.
  2218 | D:5      | Reached skill level 7 in Stealth
  2236 | D:5      | Learned a level 3 spell: Tukima's Dance
  2619 | D:5      | Noticed a centaur
  2646 | D:5      | Killed an ogre
  2647 | D:5      | Reached skill level 8 in Stealth
  2647 | D:5      | Reached XP level 6. HP: 28/28 MP: 11/11
  2695 | D:5      | Reached skill level 9 in Stealth
  3065 | D:4      | Noticed Dowan
  3513 | D:3      | Found a blossoming altar of Fedhas.
  3883 | D:3      | Identified the +0 robe "Ufetumai" {*Corrode +Blink rElec}
  3935 | D:4      | Noticed Menkaure
  3935 | D:4      | Found a radiant altar of Vehumet.
  3960 | D:4      | Reached XP level 7. HP: 32/32 MP: 10/13
  3962 | D:4      | Killed Menkaure
  3963 | D:4      | Reached skill level 5 in Short Blades
  4006 | D:4      | Reached skill level 5 in Hexes
  4164 | D:4      | Noticed Duvessa
  4182 | D:4      | Killed Dowan
  4183 | D:4      | Reached skill level 5 in Spellcasting
  4344 | D:4      | HP: 1/32 [Duvessa (13)]
  4356 | D:4      | Killed Duvessa
  4357 | D:4      | Reached skill level 10 in Stealth
  4605 | D:5      | Reached skill level 1 in Fighting
  4624 | D:5      | Noticed Grinder
  4631 | D:5      | Killed Grinder
  4632 | D:5      | Reached XP level 8. HP: 35/37 MP: 12/16
  4709 | D:5      | Reached skill level 11 in Stealth
  5097 | D:6      | Found a shadowy altar of Dithmenos.
  5106 | D:6      | Became a worshipper of Dithmenos the Shadowed
  5430 | D:6      | Reached skill level 12 in Stealth
  6028 | D:6      | Found Lyucsuod's Weapon Shop.
  6172 | D:7      | Found an opulent altar of Gozag.
  6172 | D:7      | Found a sacrificial altar of Ru.
  6192 | D:7      | Found an ancient bone altar of Kikubaaqudgha.
  6205 | D:7      | Found a stormy altar of Qazlal.
  6287 | D:7      | Found a staircase to the Ecumenical Temple.
  6417 | D:7      | Found an iron altar of Okawaru.
  6423 | D:7      | Reached XP level 9. HP: 41/41 MP: 19/19
  6749 | D:7      | Noticed Joseph
  6753 | D:7      | Killed Joseph
  6897 | D:7      | Reached skill level 13 in Stealth
  6926 | D:7      | Found an ornate altar of the Wu Jian Council.
  6962 | D:7      | Found an ornate altar of the Wu Jian Council.
  7033 | D:7      | Found an opulent altar of Gozag.
  7034 | D:7      | Found a sacrificial altar of Ru.
  7049 | D:7      | Found an ancient bone altar of Kikubaaqudgha.
  7186 | D:7      | Found an iron altar of Okawaru.
  7243 | D:7      | Found a staircase to the Ecumenical Temple.
  7256 | D:7      | Found a stormy altar of Qazlal.
  7647 | D:8      | Noticed a two-headed ogre
  7661 | D:7      | Killed a two-headed ogre
  7662 | D:7      | Reached skill level 14 in Stealth
  7715 | D:8      | Found a glowing silver altar of Zin.
  7733 | D:8      | Reached * piety under Dithmenos
  7858 | D:8      | Reached skill level 10 in Short Blades
  7889 | D:8      | Noticed Grum
  8176 | D:8      | Reached XP level 10. HP: 46/46 MP: 17/20
  8310 | D:8      | Noticed Maggie
  8320 | D:8      | Killed Maggie
  8321 | D:8      | Reached skill level 5 in Dodging
  8543 | D:8      | Noticed a cyclops
  8565 | D:8      | Noticed a gargoyle
  8565 | D:8      | Noticed a deep elf pyromancer
  8565 | D:8      | Noticed a tengu warrior
  8566 | D:8      | Noticed a two-headed ogre
  8601 | D:8      | Reached ** piety under Dithmenos
  8844 | D:8      | Killed a gargoyle
  8919 | D:8      | Killed a cyclops
  9004 | D:8      | Noticed a tengu warrior
  9720 | D:8      | Killed a tengu warrior
  9840 | D:8      | Reached XP level 11. HP: 48/52 MP: 20/24
  9871 | D:8      | Killed a deep elf pyromancer
  9936 | D:7      | Reached *** piety under Dithmenos
 10178 | D:8      | Killed Grum
 10261 | D:8      | Killed a tengu warrior
 10619 | D:8      | Reached skill level 15 in Stealth
 10663 | D:8      | Killed a two-headed ogre
 10810 | D:8      | Found a glowing silver altar of Zin.
 11035 | D:8      | Learned a level 4 spell: Cause Fear
 11039 | D:8      | Learned a level 3 spell: Dazzling Flash
 11062 | D:9      | Reached skill level 16 in Stealth
 11122 | D:9      | Noticed a two-headed ogre
 11139 | D:9      | Killed a two-headed ogre
 11216 | D:9      | Noticed a brown ugly thing
 11271 | D:8      | Noticed Psyche
 11273 | D:8      | Killed Psyche
 11274 | D:8      | Reached skill level 17 in Stealth
 11461 | D:9      | Noticed a two-headed ogre
 11916 | D:9      | Found a shimmering altar of Xom.
 11925 | D:9      | Reached **** piety under Dithmenos
 12025 | D:9      | HP: 2/52 [raiju (shapeshifter)/living lightning (24)]
 12216 | D:9      | Reached skill level 18 in Stealth
 12240 | D:9      | Noticed a cyan ugly thing
 12267 | D:9      | Killed a brown ugly thing
 12323 | D:9      | Killed a cyan ugly thing
 12637 | D:9      | Noticed an entropy weaver
 12817 | D:8      | Killed a two-headed ogre
 12818 | D:8      | Reached skill level 5 in Fighting
 12870 | D:9      | Noticed a purple ugly thing
 12884 | D:9      | Killed a purple ugly thing
 12885 | D:9      | Reached XP level 12. HP: 60/60 MP: 23/26
 13509 | D:9      | Found a shimmering altar of Xom.
 13848 | D:10     | Entered Level 10 of the Dungeon
 13900 | D:10     | Found a staircase to the Lair.
 13900 | D:10     | Noticed a death yak
 13935 | D:10     | Found a basalt altar of Yredelemnul.
 14043 | D:10     | Reached skill level 10 in Dodging
 14265 | D:10     | Noticed a death yak
 14266 | D:10     | Noticed a death yak
 14866 | D:10     | Killed a death yak
 15240 | D:9      | HP: 1/60 [death yak (10)]
 15733 | D:9      | Killed a death yak
 16195 | D:9      | Killed a death yak
 16281 | D:10     | Noticed a two-headed ogre
 16283 | D:10     | Noticed a two-headed ogre
 16284 | D:10     | Killed a two-headed ogre
 16287 | D:10     | Killed a two-headed ogre
 16333 | D:10     | Noticed a seven-headed hydra
 16340 | D:10     | Killed a seven-headed hydra
 16344 | D:10     | Identified the ring of Springtime {Ice rPois rN+ Str-4}
 16401 | D:10     | Noticed a two-headed ogre
 16406 | D:10     | Killed a two-headed ogre
 16576 | D:11     | Found a glowing silver altar of Zin.
 17143 | Lair:1   | Entered Level 1 of the Lair of Beasts
 17429 | Lair:1   | Reached ***** piety under Dithmenos
 17837 | Lair:1   | Reached XP level 13. HP: 65/65 MP: 27/27
 18068 | Lair:2   | Noticed Amaemon
 18155 | Lair:2   | Found a staircase to the Shoals.
 18165 | Lair:2   | Reached skill level 19 in Stealth
 18223 | Lair:2   | Found a dark tunnel.
 18256 | Volcano  | Entered a volcano
 18955 | Volcano  | Noticed a fire dragon
 19199 | Volcano  | Killed a fire dragon
 19684 | Lair:2   | Killed Amaemon
 20140 | Lair:2   | Reached skill level 20 in Stealth
 20168 | Lair:2   | Found a staircase to the Snake Pit.
 20805 | Lair:3   | Reached XP level 14. HP: 12/70 MP: 12/28
 21006 | Lair:3   | Reached ****** piety under Dithmenos
 22256 | Lair:4   | Found a viscous altar of Jiyva.
 22256 | Lair:4   | Found a staircase to the Slime Pits.
 22901 | Lair:5   | Entered Level 5 of the Lair of Beasts
 23104 | Lair:5   | Reached skill level 15 in Dodging
 23117 | Lair:5   | HP: 1/70 [something/puff of flame (4)]
 23323 | Lair:5   | Found a frozen archway.
 23402 | Lair:5   | Reached skill level 10 in Spellcasting
 23402 | Lair:5   | Reached skill level 10 in Hexes
 23402 | Lair:5   | Reached XP level 15. HP: 68/76 MP: 27/30
 23404 | IceCv    | Entered an ice cave
 23931 | IceCv    | Reached skill level 21 in Stealth
 24458 | IceCv    | Learned a level 2 spell: Blink
 24824 | IceCv    | Reached skill level 1 in Translocations
 25393 | Lair:5   | Reached skill level 1 in Shields
 28660 | D:5      | Killed dertzug's ghost
 28839 | D:12     | Reached XP level 16. HP: 81/81 MP: 32/32
 28841 | D:12     | Noticed Jorgrun
 28961 | D:12     | Found a transporter.
 28961 | D:12     | Noticed skfef's ghost (journeyman MiFi)
 29011 | D:12     | Found a transporter.
 29150 | D:12     | Noticed Gastronok
 29152 | D:12     | Killed Gastronok
 29289 | D:12     | Noticed Maurice
 29292 | D:12     | Killed Maurice
 29319 | D:12     | Noticed Kirke
 29576 | D:12     | Killed Kirke
 29577 | D:12     | Reached skill level 5 in Shields
 29619 | D:12     | Killed Jorgrun
 29627 | D:12     | Found a staircase to the Orcish Mines.
 29646 | Orc:1    | Entered Level 1 of the Orcish Mines
 29677 | Orc:2    | Entered Level 2 of the Orcish Mines
 30613 | Orc:2    | Found a staircase to the Elven Halls.
 30892 | Orc:1    | You fall into a shaft and drop 1 floor!
 32004 | Orc:2    | Found a bloodstained altar of Trog.
 32554 | Orc:2    | Found Acrigr Guig's Distillery.
 32555 | Orc:2    | Found Huokho Kufo's Distillery.
 32555 | Orc:2    | Found Ramuce's Magic Scroll Boutique.
 32556 | Orc:2    | Found Sibiplal's Antique Weapon Boutique.
 32715 | Orc:2    | Bought a scroll of identify for 20 gold pieces
 32715 | Orc:2    | Identified a scroll of acquirement
 32719 | Orc:2    | Bought a runed rapier for 259 gold pieces
 32726 | Orc:2    | Bought a scroll of vulnerability for 40 gold pieces
 32728 | Orc:2    | Bought a potion of resistance for 140 gold pieces
 32728 | Orc:2    | Bought a potion of experience for 700 gold pieces
 32735 | Orc:2    | Acquired 621 gold pieces
 32739 | Orc:2    | Bought a scroll of enchant armour for 75 gold pieces
 32739 | Orc:2    | Bought a scroll of summoning for 95 gold pieces
 32739 | Orc:2    | Bought a scroll of teleportation for 30 gold pieces
 33838 | D:13     | Found Izelaif's Book Shop.
 33925 | D:13     | Noticed Urug
 33930 | D:13     | Killed Urug
 33943 | D:13     | Reached skill level 22 in Stealth
 34277 | D:14     | Noticed Snorg
 34284 | D:14     | Killed Snorg
 34324 | D:14     | Found a shimmering blue altar of Sif Muna.
 34638 | D:14     | Noticed Josephine
 34643 | D:14     | Killed Josephine
 35005 | D:14     | Found a gate to the Vaults.
 35541 | D:15     | Entered Level 15 of the Dungeon
 36055 | D:15     | Found a staircase to the Depths.
 36067 | D:15     | Noticed Agnes
 36094 | D:15     | Killed Agnes
 36318 | D:15     | Reached XP level 17. HP: 87/87 MP: 29/35
 36632 | Snake:1  | Entered Level 1 of the Snake Pit
 37355 | Snake:2  | Found Sussed's Book Shop.
 38630 | Snake:3  | Reached skill level 23 in Stealth
 38799 | Snake:3  | Found Neuv's Armour Boutique.
 38870 | Snake:3  | Identified the +8 falchion of Misery {elec, Str+4}
 39357 | Snake:4  | Entered Level 4 of the Snake Pit
 39519 | Snake:4  | Reached skill level 24 in Stealth
 39771 | Snake:4  | Identified the serpent talisman of Sif Muna {rElec Stlth+}
 39771 | Snake:4  | Noticed Aizul
 39779 | Snake:4  | Killed Aizul
 39863 | Snake:4  | Noticed Vashnia
 40303 | Snake:4  | Reached skill level 10 in Fighting
 40908 | Snake:4  | Killed Vashnia
 40909 | Snake:4  | Reached XP level 18. HP: 20/93 MP: 6/36
 42480 | Snake:3  | HP: 4/93 [quicksilver dragon/bolt of dispelling energy
                  | (40)]
 42493 | Snake:3  | HP: 3/93 [quicksilver dragon/bolt of dispelling energy
                  | (30)]
 42824 | Snake:4  | Got a serpentine rune of Zot
 43625 | Snake:4  | Reached XP level 19. HP: 99/99 MP: 38/38
 43990 | Orc:2    | Bought a potion of heal wounds for 70 gold pieces
 43990 | Orc:2    | Bought a potion of haste for 140 gold pieces
 43993 | Orc:2    | Bought a potion of heal wounds for 70 gold pieces
 44177 | D:10     | Reached skill level 15 in Short Blades
 44250 | D:10     | Got Voes's Omnibus of the Iceberg and Skeletons
 44254 | D:10     | Identified the amulet "Hilegg" {rF+ rC+ rN+ Regen+}
 44425 | D:12     | Killed skfef's ghost
 44490 | D:12     | Identified the ring of the Iron Devil {+Blink Fly rF- rN+
                  | Int+4}
 44634 | Shoals:1 | Entered Level 1 of the Shoals
 44700 | Shoals:1 | Reached skill level 1 in Evocations
 45249 | Shoals:1 | Reached skill level 5 in Evocations
 46684 | Shoals:2 | Reached skill level 10 in Evocations
 48082 | Shoals:4 | Entered Level 4 of the Shoals
 48198 | Shoals:3 | Reached skill level 15 in Hexes
 48451 | Shoals:4 | Reached XP level 20. HP: 105/105 MP: 36/39
 48862 | Shoals:4 | Found a white marble altar of Elyvilon.
 48880 | Shoals:4 | Identified the +3 ring mail of the Lachrymose God {rElec
                  | rPois Str+2 Dex+2}
 48942 | Shoals:4 | Identified the +1 hat "Xuthohus" {Harm Rampage Int+3}
 49246 | Shoals:4 | Found a glowing golden altar of the Shining One.
 49704 | Shoals:4 | Identified the +10 shortbow of the Stopping Dove {flame,
                  | rCorr Stlth+}
 49794 | Shoals:4 | Found a glowing silver altar of Zin.
 49820 | Shoals:4 | Slain by an angel

Illustrated notes

Levels and vault maps discovered:
D:1:      dpeg_arrival_circle_labyrinth_c, layout_basic, hangedman_decor_growths
D:2:      layout_basic, nicolae_ecumenical_pavilion, basic_altar, uniq_natasha,
          uniq_robin
D:3:      layout_rooms, lightli_temple_of_fire, mainiacjoe_overflow_paths
D:4:      layout_loops_cross, fiery_altar_vehumet, guppyfry_early_lair_pool,
          uniq_menkaure, uniq_duvessa
D:5:      layout_gridville, nemelex_spade_bored_becter, ebering_ghost_gozag,
          uniq_grinder
D:6:      layout_cave_pods, nicolae_dithmenos_shadow_blocks, serial_shops, shop,
          amcnicky_mini_corridor_feature
D:7:      layout_basic, nicolae_overflow_hidden_temple,
          mainiacjoe_overflow_catwalk, kiku_gazebo_pond_becter,
          mainiacjoe_overflow_divided_tiny, marbit_many_paths,
          minmay_temple_entry_statues_fountains, uniq_joseph
D:8:      nzn_winding_woodlands_large [nzn_winding_woodlands_5x5_open_star,
          nzn_winding_woodlands_5x15_twine, nzn_winding_woodlands_5x5_cross,
          nzn_winding_woodlands_center_garden,
          nzn_winding_woodlands_15x15_killbox,
          nzn_winding_woodlands_center_pierced_h,
          nzn_winding_woodlands_hourglass, nzn_winding_woodlands_5x15_crooked,
          nzn_winding_woodlands_5x5_default], layout_cave_pools,
          mainiacjoe_overflow_small_starburst, uniq_grum, uniq_psyche,
          uniq_maggie
D:9:      regret_index_malice_mire, layout_basic, led_xom_imps,
          serial_corexii_hall, corexii_hall_statues_i, corexii_hall_statues_l,
          chequers_hall_statues_wall_a, corexii_hall_statues_i
D:10:     minmay_the_grid_octo_2x2 [minmay_the_grid_octo_teeth,
          minmay_the_grid_octo_checkerflower, minmay_the_grid_octo_chip,
          minmay_the_grid_octo_prize_square_snowflake], layout_rooms,
          lemuel_zombie_altar_yredelemnul, dpeg_lair_monsters
D:11:     layout_gridville, zin_statuary
D:12:     layout_rooms, orc_0_dummy, gammafunk_ghost_arena, uniq_maurice,
          uniq_kirke, uniq_gastronok, uniq_jorgrun
D:13:     orc_temple, layout_rooms, serial_shops, shop, uniq_urug
D:14:     layout_small_grid, grunt_vaults_entry_tiered,
          nicolae_sif_muna_condensation, uniq_josephine, uniq_snorg
D:15:     grunt_enter_depths_giant_problem, layout_loops_ring, uniq_agnes
Lair:1:   layout_gridlike, nicolae_quartered_pool_impasse, st_stairs_7,
          beast_lair_carwin_3
Lair:2:   layout_roguey, minmay_shoals_entry_beasts, dummy_snake_entry,
          nicolae_volcano_entry_s_turn, evilmike_ambush
          [evilmike_ambush_outer_basic, evilmike_ambush_inner_pond],
          uniq_amaemon
Lair:3:   layout_cave_pods
Lair:4:   layout_gridlike, dpeg_slime_entry_corner
Lair:5:   due_jungle_book, layout_gridlike,
          portal_ice_cave_entry_animals_and_master, evilmike_ambush
          [evilmike_ambush_outer_pillars, evilmike_ambush_inner_pond]
Shoals:1: layout_shoals
Shoals:2: layout_shoals, nicolae_shoals_bring_sunscreen
Shoals:3: layout_shoals
Shoals:4: shoals_end_hellmonk_holy_island, serial_shops
Snake:1:  layout_rooms
Snake:2:  layout_misc_corridors, serial_shops, shop
Snake:3:  layout_grid_maze, serial_shops, nicolae_shop_real_fake_doors,
          drop_trap, grunt_ministairs_1, serial_bayou_shore_b, lemuel_fruit_tree
Snake:4:  hellmonk_snake_rune_quicksilver_temple, layout_cave_town,
          uniq_vashnia, uniq_aizul
Orc:1:    layout_diamond_mine, mines3_lemuel
Orc:2:    st_orc_pillars, layout_caves, basic_altar

Skill      XL: |  1  2  3  4  5  6  7  8  9 10 11 12 13 14 15 16 17 18 19 20 |
---------------+-------------------------------------------------------------+-----
Short Blades   | 2 3 4 6 7 10 11 14 16 | 16.0
Dodging        | 3 4 8 12 14 15 16 18 | 18.0
Stealth        | 5 6 8 9 10 12 14 18 20 21 22 24 | 24.0
Spellcasting   | 3 5 6 8 9 10 11 13 14 | 14.0
Hexes          | 4 5 6 8 9 10 11 13 14 15 17 | 17.3
Fighting       | 1 3 5 6 7 8 9 10 11 | 11.0
Translocations | 3 |  3.0
Shields        | 4 7 8 |  8.0
Evocations     | 10 | 10.0

Action                     |  1- 3 |  4- 6 |  7- 9 | 10-12 | 13-15 | 16-18 | 19-21 || total
---------------------------+-------+-------+-------+-------+-------+-------+-------++-------
  Melee: Dagger            |   100 |   122 |   117 |   594 |   588 |   874 |   308 ||  2703
         Punch             |     1 |     2 |     2 |     8 |    10 |       |       ||    23
         Whip              |       |    42 |       |       |       |       |       ||    42
         Scimitar          |       |       |       |       |    28 |       |       ||    28
         Long sword        |       |       |       |       |     4 |       |       ||     4
         Rapier            |       |       |       |       |       |       |   159 ||   159
   Cast: Ensorcelled Hiber |     3 |    14 |    28 |   120 |   208 |   284 |   199 ||   856
         Confusing Touch   |       |     1 |     8 |    27 |    35 |    32 |    21 ||   124
         Tukima's Dance    |       |       |     1 |       |       |     3 |       ||     4
         Cause Fear        |       |       |       |     1 |     2 |       |     5 ||     8
         Dazzling Flash    |       |       |       |     2 |     7 |    28 |       ||    37
Ability: Evoke Blink       |       |       |       |       |       |       |     1 ||     1
    Use: Scroll            |       |       |    12 |     5 |     8 |     9 |     3 ||    37
         Potion            |       |       |       |       |     2 |     8 |     3 ||    13
   Stab: Sleeping          |     7 |    18 |    40 |   119 |   189 |   302 |   147 ||   822
         Distracted        |       |     5 |     2 |     9 |     8 |    11 |     6 ||    41
         Confused          |       |       |     8 |    22 |    31 |    39 |    20 ||   120
         Invisible         |       |       |       |     1 |    12 |    13 |       ||    26
 Armour: Robe              |    20 |    45 |    25 |    39 |   126 |   161 |   130 ||   546
         Acid dragon scale |       |       |       |    80 |       |       |    21 ||   101
  Dodge: Dodged            |    76 |    70 |    59 |   323 |   621 |   529 |   394 ||  2072
  Block: Buckler           |       |       |       |       |    53 |   244 |   208 ||   505

Table legend: (Time is in decaauts)
 A = Elapsed time spent in this place.
 B = Non-inter-level travel time spent in this place.
 C = Inter-level travel time spent in this place.
 D = Time resting spent in this place.
 E = Time spent auto-exploring this place.
 F = Levels seen in this place.
 G = Mean time per level.
                   A        B        C        D        E       F      G
               +--------+--------+--------+--------+--------+-----+--------+
         Total |  37145 |  35223 |   1922 |  11001 |  12735 |  32 | 1160.8 |
       Dungeon |  16546 |  15441 |   1105 |   4675 |   5837 |  15 | 1103.1 |
          Lair |   6518 |   6271 |    247 |   2224 |   2356 |   5 | 1303.6 |
        Shoals |   3868 |   3741 |    127 |   1245 |    688 |   4 |  967.0 |
     Snake Pit |   5116 |   4916 |    200 |   1142 |   2197 |   4 | 1279.0 |
  Orcish Mines |   2572 |   2332 |    240 |    397 |   1055 |   2 | 1286.0 |
      Ice Cave |   1521 |   1521 |      0 |   1005 |    181 |   1 | 1521.0 |
       Volcano |   1002 |   1002 |      0 |    311 |    418 |   1 | 1002.0 |
               +--------+--------+--------+--------+--------+-----+--------+

Top non-repeatable levels by time:
     D:8: 3261 daAuts
  Lair:5: 2560 daAuts
 Snake:4: 2497 daAuts
     D:9: 2034 daAuts
   IceCv: 1521 daAuts
   Orc:2: 1474 daAuts
 Snake:3: 1447 daAuts
Shoals:3: 1334 daAuts
     D:7: 1321 daAuts
  Lair:4: 1297 daAuts
    D:10: 1236 daAuts
   Orc:1: 1097 daAuts
  Lair:3: 1087 daAuts
     D:4: 1049 daAuts
     D:5: 1016 daAuts
